 Dungeon Crawl Stone Soup version 0.32-a0-306-gfed3edf829 (webtiles) character file.

Game seed: 7853467114539887403

60 zazu2006 the Nimble (level 4, -7/51 HPs)
             Began as a Gnoll Wanderer on Feb 14, 2024.
             Blown up by Ijyb (11 damage)
             ... with a mindburst bolt
             ... on level 3 of the Dungeon.
             The game lasted 00:03:02 (812 turns).

zazu2006 the Nimble (Gnoll Wanderer)                 Turns: 812, Time: 00:03:03

Health: -7/51      AC: 25    Str:  9    XL:     4   Next: 6%
Magic:  6/6        EV:  2    Int: 17    God:
Gold:   58         SH:  6    Dex: 16    Spells: 5/5 levels left

rFire   . . .        a - +0 short sword
rCold   . . .        b - +0 buckler {AC+3}
rNeg    . . .        e - melded +0 leather armour
rPois   +            h - melded +2 helmet
rElec   .            (cloak currently unavailable)
rCorr   .            c - melded +0 pair of gloves
SInv    +            (boots currently unavailable)
Will    .....        (no amulet)
Stlth   ++           k - +6 ring of intelligence
HPRegen 0.28/turn    (no ring)
MPRegen 0.10/turn

%: no passive effects
@: tree-form, hasted, very quick
A: stationary, stasis, torment immunity, boosted hp, (fangs 1), strong nose,
distributed training, (talons 1), see invisible, mutation resistance 1,
inability to read after injury 1
a: no special abilities


You were on level 3 of the Dungeon.
You were a tree.
You visited 1 branch of the dungeon, and saw 3 of its levels.

You collected 58 gold pieces.

Inventory:

Hand Weapons
 a - a +0 short sword (weapon)
Missiles
 j - 5 boomerangs (quivered)
Armour
 b - a +0 buckler of protection (worn)
 c - a +0 pair of gloves (melded)
 e - a +0 leather armour (melded)
 h - a +2 helmet (melded)
Jewellery
 k - a +6 ring of intelligence (left branch)
Scrolls
 f - 3 scrolls of identify {unknown}
 g - a scroll of blinking {unknown}


   Skills:
 + Level 2.7 Fighting
 + Level 2.7 Short Blades
 + Level 1.0 Long Blades
 + Level 1.0 Axes
 + Level 1.0 Maces & Flails
 + Level 1.0 Polearms
 + Level 1.0 Staves
 + Level 1.0 Ranged Weapons
 + Level 1.0 Throwing
 + Level 1.0 Armour
 + Level 8.5 Dodging
 + Level 1.0 Stealth
 + Level 6.6 Shields
 + Level 1.0 Unarmed Combat
 + Level 1.0 Spellcasting
 + Level 0.8 Conjurations
 + Level 0.8 Hexes
 + Level 0.8 Summonings
 + Level 0.8 Necromancy
 + Level 0.8 Translocations
 + Level 0.8 Fire Magic
 + Level 0.8 Ice Magic
 + Level 0.8 Air Magic
 + Level 0.8 Earth Magic
 + Level 0.8 Alchemy
 + Level 2.8 Invocations
 + Level 1.0 Evocations
 + Level 1.0 Shapeshifting


You had 5 spell levels left.
You didn't know any spells.
Your spell library contained the following spells:

 Spells                   Type           Power      Damage    Failure   Level
 Ensorcelled Hibernation  Hex/Ice        6%         N/A       32%         2
 Fugue of the Fallen      Necr           3%         N/A       54%         3
 Anguish                  Hex/Necr       1%         N/A       91%         4


Dungeon Overview and Level Annotations

Branches:
Dungeon (3/15)

Altars:
Gozag
Kikubaaqudgha

Annotations:
D:3 Ijyb


Innate Abilities, Weirdness & Mutations

You are a tree.
Your roots penetrate the ground, keeping you stationary.
You cannot be teleported.
You are immune to unholy pain and torment.
Your maximum health is greatly increased.
Your equipment is partially melded.
((You have very sharp teeth.))
Your uncanny sense of smell can sniff out nearby items.
Your experience applies equally to all skills.
((You have sharp toenails.))
You have supernaturally acute eyesight. (SInv)
You are somewhat resistant to further mutation.
You occasionally lose the ability to read scrolls when taking damage.


Message History

You hit Ijyb but do no damage.
Ijyb is moderately wounded.
Ijyb hits you but does no damage.
You closely miss Ijyb. Your kick misses Ijyb.
Ijyb is moderately wounded.
Ijyb zaps a wand.
Your mind is blasted!
* * * LOW HITPOINT WARNING * * *
You hit Ijyb. Your kick misses Ijyb.
Ijyb is moderately wounded.
You block Ijyb's attack.
You barely miss Ijyb. You claw Ijyb, but do no damage.
Ijyb is moderately wounded.
Ijyb barely misses you.
You hit Ijyb but do no damage. You claw Ijyb, but do no damage.
Ijyb is moderately wounded.
You block Ijyb's attack.
You barely miss Ijyb. You bite Ijyb, but do no damage.
Ijyb is moderately wounded.
You block Ijyb's attack.
You closely miss Ijyb. You claw Ijyb, but do no damage.
Ijyb is moderately wounded.
Ijyb zaps a wand.
You barely resist. You hit Ijyb but do no damage.
Ijyb is moderately wounded.
Ijyb hits you but does no damage.
You hit Ijyb. Your kick misses Ijyb.
Ijyb is heavily wounded.
Ijyb zaps a wand.
Your mind is blasted!
* * * LOW HITPOINT WARNING * * *
It was a potion of haste.
You feel yourself speed up. Ijyb closely misses you.
It was a potion of lignification.
You turn into a tree.
Your +2 helmet melds into your body.
Your +0 pair of gloves melds into your body.
Your +0 leather armour melds into your body.
Your roots penetrate the ground.
You hit Ijyb but do no damage.
Ijyb is heavily wounded.
Ijyb zaps a wand.
Your mind is blasted!
You die...
Ijyb screams, "Good help so hard to find!"

.###. #.## ## .....
#.......# ∆. .....
..##.##.# .#
###..#####.##.##.##.#
........†...........
###...####..####.._
#...............
#.#.####.......#
#.#.####.#####♣#
#.#..........g.#
..........##### ∆
#######.#......
#.####### ####.#
#....# ...####.######
#...........#


You could see Ijyb.

Vanquished Creatures
  An adder (D:3)
  2 dart slugs
  A ribbon worm (D:2)
  2 ball pythons
  3 bats (D:1)
  2 endoplasms
  2 giant cockroaches
  3 goblins
  6 hobgoblins
  A kobold (D:1)
  2 rats
25 creatures vanquished.

Notes
Turn   | Place    | Note
-------+----------+-------------------------------------------
     0 | D:1      | zazu2006 the Gnoll Wanderer began the quest for the Orb.
     0 | D:1      | zazu2006 set off with the following items: a +0 short
                  | sword, a +0 buckler of protection, a +0 pair of gloves, a
                  | scroll of fear, a +0 leather armour.
     0 | D:1      | Reached XP level 1. HP: 17/17 MP: 2/2
   198 | D:1      | Reached XP level 2. HP: 23/23 MP: 3/3
   355 | D:1      | Reached XP level 3. HP: 22/28 MP: 4/4
   449 | D:2      | Found an ancient bone altar of Kikubaaqudgha.
   671 | D:3      | Noticed Ijyb
   675 | D:3      | Gained mutation: You have supernaturally acute eyesight.
                  | (SInv) [potion of mutation]
   675 | D:3      | Gained mutation: You occasionally lose the ability to read
                  | scrolls when taking damage. [potion of mutation]
   675 | D:3      | Gained mutation: You have sharp toenails. [potion of
                  | mutation]
   675 | D:3      | Gained mutation: You are somewhat resistant to further
                  | mutation. [potion of mutation]
   715 | D:3      | Reached skill level 1 in Long Blades
   715 | D:3      | Reached skill level 1 in Axes
   715 | D:3      | Reached skill level 1 in Maces & Flails
   715 | D:3      | Reached skill level 1 in Polearms
   715 | D:3      | Reached skill level 1 in Staves
   715 | D:3      | Reached skill level 1 in Ranged Weapons
   715 | D:3      | Reached skill level 1 in Throwing
   715 | D:3      | Reached skill level 1 in Armour
   715 | D:3      | Reached skill level 1 in Stealth
   715 | D:3      | Reached skill level 1 in Unarmed Combat
   715 | D:3      | Reached skill level 1 in Spellcasting
   715 | D:3      | Reached skill level 1 in Evocations
   725 | D:3      | Reached skill level 1 in Shapeshifting
   725 | D:3      | Reached XP level 4. HP: 21/34 MP: 6/6
   789 | D:3      | Found an opulent altar of Gozag.
   812 | D:3      | Blown up by Ijyb

Illustrated notes

Levels and vault maps discovered:
D:1:      roderic_octagonal_star, layout_loops_cross,
          shapermc_ecumenical_altar_pompeii, minmay_pentomino_x2
D:2:      layout_basic, basic_altar, uniq_crazy_yiuf_cottage
D:3:      layout_loops_ring, mainiacjoe_overflow_boulevard,
          lightli_corner_chamber, uniq_ijyb

Skill      XL: |  1  2  3 |
---------------+----------+-----
Long Blades    | 1 |  1.0
Axes           | 1 |  1.0
Maces & Flails | 1 |  1.0
Polearms       | 1 |  1.0
Staves         | 1 |  1.0
Ranged Weapons | 1 |  1.0
Throwing       | 1 |  1.0
Armour         | 1 |  1.0
Stealth        | 1 |  1.0
Unarmed Combat | 1 |  1.0
Spellcasting   | 1 |  1.0
Evocations     | 1 |  1.0
Shapeshifting  | 1 |  1.0
Fighting       | |  2.7
Short Blades   | |  2.7
Dodging        | |  8.5
Shields        | |  6.6
Conjurations   | |  0.8
Hexes          | |  0.8
Summonings     | |  0.8
Necromancy     | |  0.8
Translocations | |  0.8
Fire Magic     | |  0.8
Ice Magic      | |  0.8
Air Magic      | |  0.8
Earth Magic    | |  0.8
Alchemy        | |  0.8
Invocations    | |  2.8

Action                     |  1- 3 |  4- 6 || total
---------------------------+-------+-------++-------
  Melee: Short sword       |   126 |    18 ||   144
         Bite              |    10 |     2 ||    12
         Kick              |     3 |     7 ||    10
  Throw: Boomerang         |     8 |     2 ||    10
    Use: Potion            |     1 |     2 ||     3
         Scroll            |     1 |       ||     1
 Armour: Leather armour    |    34 |     3 ||    37
  Dodge: Dodged            |    70 |     6 ||    76
  Block: Buckler           |    33 |     4 ||    37

Table legend: (Time is in decaauts)
 A = Elapsed time spent in this place.
 B = Non-inter-level travel time spent in this place.
 C = Inter-level travel time spent in this place.
 D = Time resting spent in this place.
 E = Time spent auto-exploring this place.
 F = Levels seen in this place.
 G = Mean time per level.
                   A        B        C        D        E       F      G
               +--------+--------+--------+--------+--------+-----+--------+
         Total |    802 |    802 |      0 |      0 |    455 |   3 |  267.3 |
       Dungeon |    802 |    802 |      0 |      0 |    455 |   3 |  267.3 |
               +--------+--------+--------+--------+--------+-----+--------+

Top non-repeatable levels by time:
     D:1: 408 daAuts
     D:3: 260 daAuts
     D:2: 133 daAuts
